 Dungeon Crawl Stone Soup version 0.27.1-2-g3b301248ec (webtiles) character file.

Game seed: 18217411018641299247

4309 MisterFreud the Nimble (level 10, 0/49 HPs)
             Began as a Felid Berserker on Sept 23, 2021.
             Was an Elder of Trog.
             Slain by a yak (6 damage)
             ... on level 2 of the Lair of Beasts.
             The game lasted 00:16:46 (11756 turns).

MisterFreud the Nimble (Felid Berserker)           Turns: 11756, Time: 00:16:46

Health: 0/49       AC:  2    Str: 13    XL:     10   Next: 11%
Magic:  11/11      EV: 28    Int:  8    God:    Trog [****..]
Gold:   570        SH:  0    Dex: 20    Spells: 9/9 levels left
                                        Lives:  0   Deaths: 2

rFire    . . .     SeeInvis +     - Unarmed
rCold    + . .     Faith    .   (shield unavailable)
rNeg     . . .     Spirit   .   (armour unavailable)
rPois    .         Reflect  .   (helmet unavailable)
rElec    .         Harm     .   (cloak unavailable)
rCorr    .         Rampage  .   (gloves unavailable)
Will     +....                  (boots unavailable)
Stlth    +++++.....             (no amulet)
HPRegen  0.16/turn              g - ring of protection from cold
MPRegen  0.12/turn              (no ring)

@: on berserk cooldown, slowed, slow
A: very small, claws 1, fangs 3, see invisible, speed 1, shaggy fur 2, stealthy
paws, no weapons or thrown items, no armour, multi-lived
a: Renounce Religion, Berserk, Trog's Hand, Brothers in Arms


You were on level 2 of the Lair of Beasts.
You worshipped Trog.
Trog was greatly pleased with you.
You visited 2 branches of the dungeon, and saw 11 of its levels.
You also visited: Ossuary.

You collected 570 gold pieces.

Inventory:

Jewellery
 g - a ring of protection from cold (left paw)
Wands
 k - a wand of flame (25)
 n - a wand of mindburst (10)
 p - a wand of charming (11)
 r - a wand of polymorph (6)
 y - a wand of iceblast (16)
Scrolls
 a - a scroll of amnesia {unknown}
 d - a scroll of acquirement {unknown}
 e - a scroll of identify
 f - 6 scrolls of teleportation
 i - 3 scrolls of fear
 l - 2 scrolls of fog
 m - 3 scrolls of immolation
 s - a scroll of blinking
 t - a scroll of holy word {unknown}
 x - 2 scrolls of magic mapping {unknown}
 z - 2 scrolls of summoning {unknown}
Potions
 b - 2 potions of cancellation
 c - a potion of haste {unknown}
 h - a potion of magic {unknown}
 j - 4 potions of attraction {unknown}
 o - 5 potions of heal wounds
 u - 3 potions of ambrosia
 v - a potion of mutation
 w - 3 potions of curing {unknown}
 A - a potion of berserk rage {unknown}


   Skills:
 + Level 8.9 Fighting
 + Level 12.6 Dodging
 - Level 10.0 Stealth
 + Level 9.0 Unarmed Combat
 - Level 6.0 Evocations


You had 9 spell levels left.
You didn't know any spells.
Your spell library was empty.

Dungeon Overview and Level Annotations

Branches:
Dungeon (9/15)             Temple (0/1) D:5            Lair (2/6) D:8
Ossuary (visited)
  Swamp: Lair:2-4    Shoals: Lair:2-4     Snake: Lair:2-4    Spider: Lair:2-4
    Orc: D:9-12

Altars:
Ashenzari
Dithmenos
Hepliaklqana
Kikubaaqudgha
Makhleb
Okawaru
Ru
Sif Muna
Uskayaw
Wu Jian
The Shining One

Shops:
D:3 [

Annotations:
D:3 1 runed translucent door, Crownlay's ghost, amateur MiMo
Lair:2 exclusion: 3 oklob plants


Innate Abilities, Weirdness & Mutations

You have sharp claws.
You have razor-sharp teeth.
You have supernaturally acute eyesight. (SInv)
You cover ground quickly. (Speed+)
You are covered in thick fur. (AC +2)
Your paws help you pounce on unaware monsters.
You are incapable of wielding weapons or throwing items.
You cannot wear armour.
You gain extra lives every three experience levels.


Message History

You claw the yak!
The yak is almost dead.
You scratch the yak. You claw the yak.
You kill the yak!
Trog accepts your kill. The cane toad misses you.
You scratch the cane toad. You claw the cane toad!!
The cane toad is severely wounded.
You scratch the cane toad.
The cane toad is severely wounded.
You are no longer berserk.
You are exhausted.
You feel yourself slow down. The cane toad closely misses you.
You scratch the cane toad but do no damage.
The cane toad is severely wounded.
The cane toad completely misses you. The cane toad barely misses you.
Aiming: Mindburst
Press: ? - help, Shift-Dir - straight line, f - cane toad
Aim: a cane toad (severely wounded, chance to affect: 85%)
The cane toad's mind is blasted!
You blow up the cane toad!
Trog accepts your kill.
Your Unarmed Combat skill increases to level 9!
You claw the yak!
The yak is moderately wounded.
The yak gores you!
* * * LOW HITPOINT WARNING * * *
You scratch the yak.
The yak is moderately wounded.
The yak misses you.
You closely miss the yak.
The yak is moderately wounded.
The yak barely misses you. The yak gores you.
* * * LOW HITPOINT WARNING * * *
You see here a water moccasin corpse.
The yak completely misses you.
You barely miss the yak. You bite the yak, but do no damage.
The yak is moderately wounded.
The yak gores you.
You die...

#### ##..# ).P #...# (P.
######..# ..[. ###
##.#..#..#..P.!
#####.###........#.PP
#...........#@..........
##...###.#P.#Y#...#......
#...## ####....#<.##.....
##..# #.#.#.##..P.#...
#.## ##..#†.....)..... #
##.# #.#.#.##.........
.##P.####
###..######P.P.#.
..##....#####.## ...##
..##.........†## #.#.#


You could see a yak.

Vanquished Creatures
  A two-headed ogre (D:9)
  An ugly thing (D:9)
  4 cane toads (Lair:2)
  5 komodo dragons
  3 rime drakes
  A meliai (D:9)
  4 slime creatures (D:8)
  4 yaks
  A basilisk (Lair:1)
  An acid dragon (D:9)
  4 water moccasins
  7 black bears
  A sky beast (D:7)
  An ice beast (D:7)
  2 orc warriors (D:8)
  2 necrophages
  3 ogres
  5 bullfrogs
  A gnoll sergeant (D:7)
  2 scorpions
  A water moccasin skeleton (D:6)
  4 centaur zombies
  4 hounds
  A jelly (D:7)
  A gnoll shaman (D:5)
  4 orc priests
  A human zombie (Ossuary)
  4 orc wizards
  A hound zombie (D:5)
  4 mummies (Ossuary)
  3 howler monkey zombies
  16 gnolls
  8 adders
  A river rat (D:5)
  2 white imps
  4 worms
  2 dart slugs
  14 orcs
  4 ball pythons
  6 bats
  7 endoplasms
  2 giant cockroaches
  4 goblins
  6 hobgoblins
  3 jackals (D:3)
  6 kobolds
  4 quokkas
  3 frilled lizards
  A gnoll zombie (Ossuary)
  A goblin zombie (Ossuary)
  2 hobgoblin zombies (Ossuary)
  A jackal zombie (Ossuary)
  A kobold zombie (Ossuary)
  3 orc zombies (Ossuary)
  A quokka skeleton (D:4)
  6 rats
  2 rat zombies (Ossuary)
191 creatures vanquished.

Vanquished Creatures (others)
  A human (D:5)
  5 fungi (Lair:2)
  12 plants
18 creatures vanquished.

Grand Total: 209 creatures vanquished

Notes
Turn   | Place    | Note
-------+----------+-------------------------------------------
     0 | D:1      | MisterFreud the Felid Berserker began the quest for the
                  | Orb.
     0 | D:1      | Reached XP level 1. HP: 10/10 MP: 2/2
   177 | D:1      | Reached skill level 1 in Stealth
   296 | D:1      | Reached XP level 2. HP: 14/14 MP: 3/3
   663 | D:1      | Reached XP level 3. HP: 16/17 MP: 4/4
   894 | D:2      | Found a faded altar of an unknown god.
  1293 | D:2      | Reached ** piety under Trog
  1337 | D:2      | Found a hazy altar of Hepliaklqana.
  1540 | D:3      | Reached XP level 4. HP: 21/21 MP: 5/5
  1570 | D:3      | Found Kar Gimibo's Antique Armour Emporium.
  1638 | D:3      | Noticed Crownlay's ghost (amateur MiMo)
  1641 | D:3      | Found a runed translucent door.
  1937 | D:3      | Found an iron altar of Okawaru.
  1937 | D:3      | Found a glowing golden altar of the Shining One.
  1979 | D:3      | Found a broken altar of Ashenzari.
  1991 | D:3      | Found a burning altar of Makhleb.
  2175 | D:3      | Found a shimmering blue altar of Sif Muna.
  2507 | D:4      | Noticed a black bear
  2724 | D:4      | Reached XP level 5. HP: 24/24 MP: 6/6
  2766 | D:4      | Killed a black bear
  2767 | D:4      | Reached skill level 5 in Stealth
  2767 | D:4      | Reached skill level 5 in Unarmed Combat
  3078 | D:5      | Entered Level 5 of the Dungeon
  3086 | D:5      | Noticed an ogre
  3089 | D:5      | Killed an ogre
  3090 | D:5      | Gained mutation: You are covered in thick fur. (AC +2)
                  | [Felid growth]
  3090 | D:5      | Reached XP level 6. HP: 28/28 MP: 7/7
  3639 | D:5      | Found a staircase to the Ecumenical Temple.
  3655 | D:5      | Found an ancient bone altar of Kikubaaqudgha.
  3656 | D:5      | Noticed a human
  3660 | D:5      | Killed a human
  3988 | D:5      | Reached XP level 7. HP: 10/31 MP: 8/8
  3989 | D:5      | Reached skill level 5 in Dodging
  5328 | D:6      | Reached skill level 6 in Dodging
  5391 | D:6      | Found a hide-covered altar of Uskayaw.
  5499 | D:6      | Reached skill level 5 in Fighting
  5549 | D:6      | Reached skill level 7 in Dodging
  5555 | D:6      | Reached *** piety under Trog
  5556 | D:6      | Reached XP level 8. HP: 37/37 MP: 9/9
  6142 | D:7      | Reached skill level 8 in Dodging
  6354 | D:7      | Reached skill level 9 in Dodging
  6584 | D:7      | Reached skill level 10 in Dodging
  6815 | D:7      | Reached skill level 1 in Evocations
  7650 | D:8      | Found a staircase to the Lair.
  7656 | D:8      | Noticed a slime creature
  7666 | D:8      | Found a sacrificial altar of Ru.
  7682 | D:8      | You fall into a shaft and drop 1 floor!
  7766 | D:9      | Reached XP level 9. HP: 38/41 MP: 10/10
  7778 | D:8      | Found a sand-covered staircase.
  7784 | Ossuary  | Entered an ossuary
  8015 | Ossuary  | Identified the +6 quarterstaff "Jaqiroca" {drain, Int+6}
  8635 | D:8      | Found an ornate altar of the Wu Jian Council.
  9111 | D:9      | Noticed a tengu conjurer
  9112 | D:9      | Noticed a troll
  9112 | D:9      | Noticed an efreet
  9113 | D:9      | Noticed a wizard
  9113 | D:9      | Noticed a centaur warrior
  9113 | D:9      | Noticed a cyclops
  9114 | D:9      | Noticed a boulder beetle
  9327 | D:9      | Noticed a two-headed ogre
  9340 | D:9      | Killed a two-headed ogre
  9341 | D:9      | Reached skill level 11 in Dodging
  9341 | D:9      | Reached skill level 5 in Evocations
  9449 | D:9      | Noticed a troll
  9450 | D:9      | Noticed a purple ugly thing
  9485 | D:9      | Killed a purple ugly thing
  9486 | D:9      | Reached XP level 10. HP: 47/47 MP: 11/11
  9558 | D:9      | Found a shadowy altar of Dithmenos.
  9731 | D:9      | Killed from afar by a meliai
  9732 | D:9      | Reached XP level 9. HP: -10/43 MP: 10/10
  9777 | D:9      | Killed a meliai
  9853 | Lair:1   | Entered Level 1 of the Lair of Beasts
  9940 | Lair:1   | Noticed a komodo dragon
  9946 | Lair:1   | HP: 1/43 [komodo dragon (31)]
 10250 | Lair:1   | Killed a komodo dragon
 10879 | Lair:1   | Noticed a rime drake
 10879 | Lair:1   | Noticed a rime drake
 10882 | Lair:1   | Killed a rime drake
 10884 | Lair:1   | Killed a rime drake
 11050 | Lair:1   | Reached XP level 10. HP: 48/48 MP: 11/11
 11477 | Lair:2   | Noticed an oklob plant
 11477 | Lair:2   | Noticed an oklob plant
 11477 | Lair:2   | Noticed an oklob plant
 11492 | Lair:2   | Noticed a cane toad
 11558 | Lair:2   | Killed a cane toad
 11559 | Lair:2   | Reached skill level 12 in Dodging
 11594 | Lair:2   | Reached skill level 10 in Stealth
 11625 | Lair:2   | Noticed a cane toad
 11644 | Lair:2   | Killed a cane toad
 11654 | Lair:2   | Noticed a cane toad
 11661 | Lair:2   | Noticed a cane toad
 11671 | Lair:2   | Noticed a cane toad
 11671 | Lair:2   | Noticed a cane toad
 11684 | Lair:1   | Slain by a yak
 11685 | Lair:1   | Reached XP level 9. HP: -5/45 MP: 10/10
 11730 | Lair:2   | Killed a cane toad
 11733 | Lair:2   | Reached **** piety under Trog
 11738 | Lair:2   | Killed a rime drake
 11739 | Lair:2   | Reached XP level 10. HP: 22/49 MP: 11/11
 11747 | Lair:2   | Killed a cane toad
 11756 | Lair:2   | Slain by a yak

Illustrated notes

Levels and vault maps discovered:
D:1:      dpeg_arrival_long_road, layout_loops_ring
D:2:      layout_rooms, shapermc_ecumenical_altar_notcrosses, basic_altar
D:3:      layout_rooms, nicolae_sif_muna_little_library,
          amethyst_overflow_temple_binary, bloody_makhleb,
          nicolae_ashenzari_panopticon, serial_shops, nicolae_square_shop,
          hellmonk_ghost_happy_afterlife, serial_curves, eino_curves_04,
          eino_curves_02, eino_curves_02, eino_curves_03
D:4:      layout_loops_cross
D:5:      layout_cave_pools, tgw_kikubaaqudgha, minmay_temple_entry_overgrown,
          lightli_sewer_entry_pipes
D:6:      layout_rooms, mainiacjoe_overflow_brackets
D:7:      layout_layer_cave
D:8:      layout_basic, mainiacjoe_overflow_paths, mainiacjoe_overflow_24_doors,
          lair_entry_dummy, nicolae_ossuary_entry_plus, minivault_23
D:9:      minmay_the_grid_net [minmay_the_grid_large_cup,
          minmay_the_grid_armoury, minmay_the_grid_outer_circle,
          minmay_the_grid_pillar_ring, minmay_the_grid_paths,
          minmay_the_grid_prize_big_room], layout_grid_maze,
          lemuel_coloured_pillars_altar, lemuel_doored_altar,
          supply_closet_lemuel, kennysheep_pointless_box
Lair:1:   layout_loops_ring, portal_ice_cave_rime, beast_lair_carwin_1,
          lemuel_fruit_fields, serial_bayou_shore_b
Lair:2:   layout_loops_ring, minmay_lair_oklob_chamber

Skill      XL: |  1  2  3  4  5  6  7  8  9 10 |
---------------+-------------------------------+-----
Stealth        | 2 3 4 6 9 10 | 10.0
Unarmed Combat | 4 5 6 8 9 |  9.0
Dodging        | 7 10 11 12 | 12.6
Fighting       | 5 6 7 8 |  8.9
Evocations     | 2 6 |  6.0

Action                   |  1- 3 |  4- 6 |  7- 9 | 10-12 || total
-------------------------+-------+-------+-------+-------++-------
Melee: Unarmed           |    84 |   122 |   394 |    60 ||   660
       Bite              |     4 |     8 |    48 |    13 ||    73
       Punch             |     1 |     1 |    18 |     5 ||    25
Invok: Berserk           |     2 |     4 |    15 |     3 ||    24
       Trog's Hand       |       |     1 |     4 |       ||     5
Evoke: Wand              |       |       |       |     1 ||     1
  Use: Scroll            |       |       |     9 |     4 ||    13
 Stab: Distracted        |     1 |     1 |     3 |       ||     5
       Sleeping          |     4 |    12 |    13 |     2 ||    31
Armor: Skin              |     5 |     6 |    15 |     3 ||    29
Dodge: Dodged            |    48 |    89 |   345 |    59 ||   541
